Match 46159525
Unlisted

Match 46159525
End
Royal Engineer Section
Selects Indian Artillery Battlegroup
Vickers Machine Gun Team
Construct Section Command Post
Construct Section Command Post
Infantry Section
Infantry Section
Infantry Section
Construct Platoon Command Post
Selects Valour
Unlock M3 Stuart Light Tanks
M3 Stuart Light Tank
Construct Field Infirmary
M3 Stuart Light Tank
Selects Gurkha Rifles Section
ML 3-inch Mortar Team
6-pounder Anti-tank Gun Team
Selects Volunteer Infantry
Construct Company Command Post
Unlock M3 Grant Medium Tanks
Selects Towed ML 4.2-inch Heavy Mortar
M3 Grant Medium Tank
pyromaniac
Enceladus
Makaan
TeamSpeakUser
LITTLE TRICKSTER
Da Cracka Whacka
0
0

Comments sign in to comment!

No comments posted yet!